 Dungeon Crawl Stone Soup version 0.26.0-10-g1f06aea511 (webtiles) character file.

Game seed: 16458227656071220532

6428 Borgoz the Fighter (level 10, -10/90 HPs)
             Began as a Ghoul Gladiator on Jan 15, 2021.
             Was a High Priest of Okawaru.
             Mangled by an orc warrior
             ... wielding a cursed -1 broad axe
              (11 damage)
             ... in a bailey.
             The game lasted 00:18:14 (8762 turns).

Borgoz the Fighter (Ghoul Gladiator)                Turns: 8762, Time: 00:18:14

Health: -10/90     AC: 20    Str: 19      XL:     10   Next: 99%
Magic:  0/9        EV: 13    Int:  3      God:    Okawaru [*****.]
Gold:   285        SH:  0    Dex: 11 (13) Spells: 9/9 levels left

rFire    . . .     SeeInvis +   a - +2 long sword
rCold    + . .     Faith    .   (no shield)
rNeg     + + +     Spirit   +   g - +1 chain mail of Resourcefulness {Rampage SInv}
rPois    ∞         Reflect  .   f - +2 helmet
rElec    .         Harm     .   l - scarf {repulsion}
rCorr    .         Rampage  +   e - +0 pair of gloves
Will     .....                  w - +0 pair of boots
Stlth    ..........             k - amulet of guardian spirit
HPRegen  0.00/turn              c - +4 ring of slaying
MPRegen  0.11/turn              (no ring)

@: heroism, repel missiles
A: claws 1, cold resistance 1, negative energy resistance 3, inhibited
regeneration, torment resistance, unbreathing
a: Renounce Religion, Heroism, Finesse


You were in a bailey.
You worshipped Okawaru.
Okawaru was extremely pleased with you.
You visited 1 branch of the dungeon, and saw 11 of its levels.
You also visited: Ossuary and Bailey.

You collected 465 gold pieces.
You spent 180 gold pieces at shops.

Inventory:

Hand Weapons
 a - a +2 long sword (weapon)
 j - a +3 great sword of freezing
 x - a +5 great sword
Armour
 e - a +0 pair of gloves (worn)
 f - a +2 helmet (worn)
 g - the +1 chain mail of Resourcefulness (worn) {Rampage SInv}
   (You found it on level 4 of the Dungeon)

   It lets you see invisible.
   It bestows one free step when moving towards enemies.
 l - a scarf of repulsion (worn)
 w - a +0 pair of boots (worn)
Jewellery
 c - a +4 ring of slaying (left hand)
 k - an amulet of guardian spirit (around neck)
Wands
 d - a wand of acid (8)
 h - a wand of iceblast (19)
 y - a wand of random effects (21)
Scrolls
 b - a scroll of remove curse
 n - 2 scrolls of enchant armour
 s - 3 scrolls of teleportation
 t - 2 scrolls of fog
Potions
 i - 2 potions of might
 m - 5 potions of curing
 o - 5 potions of haste
 p - a potion of magic
 q - a potion of invisibility
 u - 2 potions of brilliance {unknown}
 z - a potion of heal wounds
 A - a potion of berserk rage {unknown}
 B - 2 potions of cancellation {unknown}


   Skills:
 + Level 8.4(13.4) Fighting
 + Level 7.3(12.3) Long Blades
 - Level 1.7(6.7) Throwing
 * Level 7.5(12.5) Armour
 * Level 8.2(13.2) Dodging
 + Level 3.6 Evocations


You had 9 spell levels left.
You didn't know any spells.
Your spell library contained the following spells:

 Spells                   Type           Power        Failure   Level
 Animate Skeleton         Necr           0%           99%         1
 Shock                    Conj/Air       0%           99%         1
 Swiftness                Air            0%           99%         2
 Confusing Touch          Hex            0%           100%        3
 Gell's Gravitas          Tloc           0%           100%        3
 Static Discharge         Conj/Air       0%           100%        3
 Airstrike                Air            0%           100%        4
 Petrify                  Tmut/Erth      0%           100%        4
 Lightning Bolt           Conj/Air       0%           100%        5
 Metabolic Englaciation   Hex/Ice        0%           100%        5
 Yara's Violent Unravell  Hex/Tmut       0%           100%        5


Dungeon Overview and Level Annotations

Branches:
Dungeon (11/15)            Temple (0/1) D:6            Lair (0/6) D:8
    Orc (0/2) D:10        Ossuary (visited)          Bailey (1/1)

Altars:
Fedhas
Gozag
Kikubaaqudgha
Okawaru
Sif Muna
Trog
Uskayaw
Vehumet
Xom
The Shining One

Shops:
D:6 :?*![

Annotations:
D:11 exclusion: ice statue


Innate Abilities, Weirdness & Mutations

You thrive by killing the living.
You are immune to poison.
You have sharp fingernails.
Your flesh is cold resistant. (rC+)
You are immune to negative energy. (rN+++)
You do not regenerate when monsters are visible.
You are immune to unholy pain and torment.
You can survive without breathing.


Message History

The orc sorcerer is heavily wounded.
The orc sorcerer hits you but does no damage.
The orc warrior misses you.
The sun demon hits you but does no damage.
The orc warrior barely misses you.
You hit the orc sorcerer but do no damage.
The orc sorcerer is heavily wounded.
The sun demon hits you but does no damage.
The orc sorcerer hits you but does no damage.
You slash the orc sorcerer!
The orc sorcerer is severely wounded.
The orc warrior hits you but does no damage. x2
You closely miss the orc sorcerer.
The orc sorcerer is severely wounded.
The sun demon hits you!
* * * LOW HITPOINT WARNING * * *
You are engulfed in flames!!
* * * LOW HITPOINT WARNING * * *
The orc warrior hits you with a cursed -1 broad axe!
You die...

#####'''#####
+)))..'..#
+.....'..#
#..⌠..#..####
#.....#.....#
#.....#...8.#
#######.....#
########.8.#
.....oo@...#
.....3oo38.#
.._....3...+
........#+##
######### ...
#... ####


You could see an orc high priest, a sun demon (summoned), 2 smoke demons, an orc
sorcerer and 2 orc warriors.

Vanquished Creatures
  A two-headed ogre (D:8)
  An ugly thing (D:11)
  A komodo dragon (D:8)
  Grinder (D:5)
  Prince Ribbit (D:5)
  A wraith (D:11)
  An eye of draining (D:11)
  An orc warrior (Bailey)
  3 sky beasts
  2 black bears
  A hornet zombie (Ossuary)
  3 phantoms
  5 ogres
  3 centaurs
  2 big kobolds
  2 bullfrogs (D:8)
  A wyvern zombie (Ossuary)
  3 scorpions
  7 wights
  An electric eel (Bailey)
  A howler monkey (D:4)
  A quasit (D:11)
  A centaur zombie (Ossuary)
  4 hounds
  3 bullfrog zombies
  A gnoll shaman (D:10)
  2 jellies
  6 orc priests
  2 bullfrog skeletons
  3 centaur skeletons
  Natasha (twice) (D:2)
  6 worker ants
  13 orc wizards
  2 killer bee zombies
  7 hound zombies
  A hound skeleton (D:7)
  10 mummies (Ossuary)
  2 worker ant zombies
  4 adders
  10 gnolls
  A howler monkey skeleton (D:8)
  A shadow imp (D:8)
  5 white imps
  An ufetubus (D:7)
  2 oozes
  An adder zombie (Ossuary)
  2 adder skeletons
  4 worms
  A leopard gecko (D:2)
  42 orcs
  4 bats
  3 giant cockroaches
  15 goblins
  8 hobgoblins
  16 jackals
  11 kobolds
  7 quokkas
  A ball python (D:1)
  9 frilled lizards
  2 giant cockroach zombies (Ossuary)
  A leopard gecko skeleton (D:4)
  A leopard gecko zombie (Ossuary)
  2 quokka zombies (Ossuary)
  6 rats
268 creatures vanquished.

Vanquished Creatures (others)
  A goblin (Bailey)
  4 plants (D:8)
  5 withered plants (Ossuary)
10 creatures vanquished.

Grand Total: 278 creatures vanquished

Notes
Turn   | Place    | Note
-------+----------+-------------------------------------------
     0 | D:1      | Borgoz the Ghoul Gladiator began the quest for the Orb.
     0 | D:1      | Reached XP level 1. HP: 17/17 MP: 0/0
   284 | D:1      | Reached XP level 2. HP: 25/25 MP: 1/1
   669 | D:1      | Reached skill level 1 in Armour
   866 | D:2      | Reached XP level 3. HP: 30/30 MP: 2/2
  1100 | D:2      | Reached XP level 4. HP: 37/37 MP: 3/3
  1706 | D:2      | Found a blossoming altar of Fedhas.
  1706 | D:2      | Found a faded altar of an unknown god.
  1711 | D:2      | Found an iron altar of Okawaru.
  1713 | D:2      | Found a glowing golden altar of the Shining One.
  1714 | D:2      | Found a faded altar of an unknown god.
  1718 | D:2      | Noticed Natasha
  1732 | D:2      | Killed Natasha
  1739 | D:2      | Became a worshipper of Warmaster Okawaru
  1932 | D:2      | Noticed Natasha
  1941 | D:2      | Killed Natasha
  1942 | D:2      | Reached XP level 5. HP: 41/45 MP: 4/4
  2456 | D:3      | Found an opulent altar of Gozag.
  2466 | D:3      | Found a bloodstained altar of Trog.
  2466 | D:3      | Found a radiant altar of Vehumet.
  2840 | D:4      | Found a hide-covered altar of Uskayaw.
  2877 | D:4      | Reached XP level 6. HP: 52/52 MP: 5/5
  3045 | D:4      | Found a shimmering altar of Xom.
  3045 | D:4      | Found a shimmering altar of Xom.
  3168 | D:4      | Noticed a sky beast
  3176 | D:4      | Killed a sky beast
  3176 | D:4      | Reached * piety under Okawaru
  3185 | D:4      | Reached XP level 7. HP: 60/60 MP: 6/6
  3398 | D:4      | Got an ichor-stained chain mail
  3423 | D:4      | Identified the cursed +1 chain mail of Resourcefulness
                  | {Rampage SInv} (You found it on level 4 of the Dungeon)
  3721 | D:4      | Reached skill level 5 in Fighting
  3836 | D:5      | Entered Level 5 of the Dungeon
  3845 | D:5      | Reached ** piety under Okawaru
  3846 | D:5      | Reached XP level 8. HP: 29/68 MP: 2/7
  3919 | D:5      | Reached skill level 5 in Dodging
  3970 | D:5      | Noticed Grinder
  3971 | D:5      | Found an ancient bone altar of Kikubaaqudgha.
  4001 | D:5      | Killed Grinder
  4002 | D:5      | Reached skill level 5 in Long Blades
  4172 | D:5      | Found a sand-covered staircase.
  4186 | Ossuary  | Entered an ossuary
  4368 | Ossuary  | Reached *** piety under Okawaru
  4509 | Ossuary  | Reached XP level 9. HP: 73/77 MP: 6/8
  4769 | Ossuary  | Reached skill level 5 in Armour
  4921 | D:5      | Noticed Prince Ribbit
  5233 | D:5      | Killed Prince Ribbit
  5495 | D:6      | Found Cunt's Antique Armour Shop.
  5510 | D:6      | Found Uhesor's Assorted Antiques.
  5555 | D:6      | Bought a diamond ring for 140 gold pieces
  5634 | D:6      | Found Popsyosuz's Distillery.
  5659 | D:6      | Found Gualyfug's Book Boutique.
  5659 | D:6      | Found a staircase to the Ecumenical Temple.
  5694 | D:6      | Reached skill level 1 in Evocations
  5824 | D:6      | Found Luamon Xeukh's Magic Scroll Shop.
  5830 | D:6      | Bought a scroll of identify for 20 gold pieces
  5830 | D:6      | Bought a scroll of identify for 20 gold pieces
  6039 | D:7      | Reached **** piety under Okawaru
  6683 | D:8      | Reached XP level 10. HP: 86/86 MP: 9/9
  6894 | D:8      | Noticed a two-headed ogre
  6907 | D:8      | Killed a two-headed ogre
  6907 | D:8      | Reached ***** piety under Okawaru
  7285 | D:8      | Found a shimmering blue altar of Sif Muna.
  7303 | D:8      | Identified Sif Muna's Incunabulum of Necromancy
  7434 | D:8      | Found a staircase to the Lair.
  7783 | D:9      | You fall into a shaft and drop 2 floors!
  7875 | D:11     | Noticed an ice statue
  8094 | D:11     | Noticed a purple ugly thing
  8105 | D:11     | Killed a purple ugly thing
  8359 | D:10     | Entered Level 10 of the Dungeon
  8432 | D:10     | Found a flagged portal.
  8445 | Bailey   | Entered a bailey
  8748 | Bailey   | Found an iron altar of Okawaru.
  8748 | Bailey   | Noticed an orc high priest
  8748 | Bailey   | Noticed an orc sorcerer
  8753 | Bailey   | Noticed a sun demon
  8753 | Bailey   | Noticed a smoke demon
  8756 | Bailey   | Noticed a smoke demon
  8762 | Bailey   | HP: 1/90 [sun demon[an orc high priest] (18)]
  8762 | Bailey   | Mangled by an orc warrior

Illustrated notes

Levels and vault maps discovered:
D:1:      co_arrival_random_square_maze, layout_loops_corners, minivault_14
D:2:      minmay_chambers_of_ones, layout_basic,
          chequers_temple_overflow_minitemple, uniq_natasha
D:3:      layout_basic, grunt_temple_overflow_open
D:4:      layout_basic, xom_redecorated, lemuel_crystal_altar, chequers_jeans
D:5:      layout_basic, kiku_gazebo_pond_becter, enter_ossuary_1,
          minmay_crossroads, uniq_prince_ribbit1, uniq_grinder
D:6:      layout_basic, temple_fountains, serial_shops, shop, shop,
          nicolae_shop_stone, kennysheep_little_box, shop
D:7:      layout_cave_pools
D:8:      layout_loops_cross, led_sif_book, david_lair_shrubbed
D:9:      layout_roguey, old_standard_altar, gammafunk_ghost_cemetery,
          uniq_psyche
D:10:     layout_loops_ring, david_orc_1_choice, serial_shops,
          nicolae_shop_stone, enter_bailey_5
D:11:     layout_basic, minivault_16
Bailey:   bailey_axe_of_yendor_kennysheep, bailey

Skill      XL: |  1  2  3  4  5  6  7  8  9 10 |
---------------+-------------------------------+-----
Long Blades    | 3 4 5 6 7 |  7.3
Armour         | 1 2 3 4 6 7 |  7.5
Dodging        | 3 4 5 6 8 |  8.2
Fighting       | 3 4 5 6 7 8 |  8.4
Evocations     | 2 3 |  3.6
Throwing       | |  1.7

Action                   |  1- 3 |  4- 6 |  7- 9 | 10-12 || total
-------------------------+-------+-------+-------+-------++-------
Melee: Long sword        |    83 |   168 |   433 |   242 ||   926
Throw: Throwing net      |       |       |       |     3 ||     3
Invok: Heroism           |       |       |       |     1 ||     1
Evoke: Wand              |       |       |     1 |     2 ||     3
  Use: Scroll            |       |     8 |    13 |     1 ||    22
       Potion            |       |     1 |       |     2 ||     3
 Stab: Sleeping          |     1 |       |       |       ||     1
       Held in net/web   |       |       |       |     1 ||     1
Armor: Leather armour    |    29 |    28 |       |       ||    57
       Chain mail        |       |    40 |   236 |   191 ||   467
Dodge: Dodged            |    67 |    74 |   212 |   173 ||   526
       Repelled          |       |       |     2 |     3 ||     5
       Rpst.: Long sword |    19 |    25 |    72 |    35 ||   151
